 Dungeon Crawl Stone Soup version 0.31-a0-844-gdc52ec4e09 (webtiles) character file.

Game seed: 15054930572534029782

161 kae the Chopper (level 5, 0/45 HPs)
             Began as a Hill Orc Fighter on Sept 29, 2023.
             Slain by an ogre
             ... wielding a +0 giant spiked club
              (9 damage)
             ... on level 3 of the Dungeon.
             The game lasted 00:01:31 (2553 turns).

kae the Chopper (Hill Orc Fighter)                  Turns: 2553, Time: 00:01:32

Health: 0/45       AC:  6    Str: 21    XL:     5   Next: 42%
Magic:  5/5        EV:  9    Int:  8    God:
Gold:   833        SH:  4    Dex: 10    Spells: 4/4 levels left

rFire   . . .        a - +0 war axe
rCold   . . .        c - +0 buckler
rNeg    . . .        b - +0 scale mail
rPois   .            (no helmet)
rElec   .            (no cloak)
rCorr   .            (no gloves)
SInv    .            (no boots)
Will    .....        (no amulet) Stlth
                     (no ring)
HPRegen 0.27/turn    (no ring)
MPRegen 0.09/turn

%: no passive effects
@: no status effects
A: no striking features
a: no special abilities


You were on level 3 of the Dungeon.
You visited 1 branch of the dungeon, and saw 4 of its levels.

You collected 833 gold pieces.


   Skills:
 - Level 3.6 Fighting
 + Level 7.2 Axes
 - Level 3.2 Armour
 - Level 3.2 Shields


You had 4 spell levels left.
You didn't know any spells.
Your spell library contained the following spells:

 Spells                   Type           Power      Damage    Failure   Level
 Call Canine Familiar     Summ           0%         N/A       99%         3
 Sigil of Binding         Hex            0%         N/A       99%         3
 Dimensional Bullseye     Hex/Tloc       0%         N/A       100%        4
 Leda's Liquefaction      Hex/Erth       0%         N/A       100%        4

Inventory:

Hand Weapons
 a - a +0 war axe (weapon)
Missiles
 h - 53 stones
 k - 2 atropa-tipped darts
 q - a throwing net {=f!f}
Armour
 b - a +0 scale mail (worn)
 c - a +0 buckler (worn)
Jewellery
 A - an amulet of the acrobat
   (You took it off an orc on level 3 of the Dungeon)
Scrolls
 f - a scroll of identify {@r1}
 g - 2 scrolls of acquirement
 j - a scroll of teleportation {@r4}
 l - 2 scrolls of torment {!r}
 m - 2 scrolls of fog
Potions
 d - a potion of might
 e - a potion of degeneration {!q}
 i - a potion of curing {@q1}
 o - a potion of mutation {!q}

Dungeon Overview and Level Annotations

Branches:
Dungeon (4/15) Zot: 21402
 Temple: D:4-7

Altars:
Ashenzari

Annotations:
D:4 Ijyb

#.#####..........#
#....##..........#
#....##..........#
#..........##.################
##......##.##.####............
#......##.##.............)...
#......##.##.####_###########
#......##.##.####.####
#......##.##@O.......####
####...##.#######.##....#####
#...##.#######.#####..####
#...##.......[.######..###
######...##################.###
#........# ######.###
#......### ######..## #......#
######.... #......# ######...#


You could see an ogre.


Message History

A quokka comes into view.
A quokka is nearby!
You slash the quokka!
You kill the quokka!
No target in view!
You see here a quokka corpse.
Found a stone staircase leading up.
No target in view!
No target in view!
Done exploring.
No target in view!
No target in view!
Done exploring.
Done exploring.
No target in view!
No target in view!
Okay, then.
You start putting on your amulet.
You continue putting on your amulet of the acrobat. x5
You finish putting on your amulet of the acrobat.
You feel ready to tumble and roll out of harm's way.
A - an amulet of the acrobat (around neck)
You start removing your amulet.
You continue taking off your amulet of the acrobat. x4
You finish taking off your amulet of the acrobat.
Blink to where?
Press: ? - help, Dir - move target, f - you
Okay, then.
As you read the scroll labelled HUTEME KYGACESH, it crumbles to dust.
It was a scroll of blinking.
As you read the scroll labelled LOLITW XENE, it dissolves into smoke.
It was a scroll of fog.
Unknown command.
As you read the scroll labelled SIFIUTS DUAN, it crumbles to dust.
You feel strangely unstable.
It was a scroll of teleportation.
As you read the scroll labelled VEKHAY AFAHUENN, it crumbles to dust.
You feel momentarily disoriented.
It was a scroll of revelation.
Unknown command.
As you read the scroll of identify {@r1}, it crumbles to dust.
o - a potion of mutation Your surroundings suddenly seem different.
Done exploring.
Unknown command.
Done exploring.
Done exploring.
There is a stone staircase leading down here.
You climb downwards.
The endoplasm quivers.
The ball python hisses angrily.
There is a stone staircase leading up here.
There are monsters nearby!
There are monsters nearby!
There are monsters nearby!
The endoplasm hits you but does no damage.
You slash the endoplasm!
You kill the endoplasm!
There is a stone staircase leading up here.
You barely miss the ball python. The ball python closely misses you.
You block the ball python's attack.
The ball python bites you but does no damage.
The ball python barely misses you.
A ball python is nearby!
You barely miss the ball python. You block the ball python's attack. x2
You hit the ball python. The ball python closely misses you.
You block the ball python's attack.
A ball python is nearby!
You closely miss the ball python. You block the ball python's attack. x2
The ball python bites you. The ball python grabs you.
The ball python constricts you.
You closely miss the ball python. The ball python closely misses you.
The ball python constricts you. 😕 HP[-3]
You take 3 damage, and now have 42/45 hp.
A ball python is nearby!
You slash the ball python!
You kill the ball python!
No target in view!
An ogre comes into view. It is wielding a +0 giant spiked club.
The ogre shouts!
Ijyb the Twisted Goblin comes into view.
She is wielding a +0 club and carrying a wand of polymorph. 😎 HP[+3]
Your hp is fully restored (45).
There is a stone staircase leading up here.
The ogre hits you with a +0 giant spiked club!
You climb upwards.
There is a stone staircase leading down here. 😮 HP[-17]
You take 17 damage, and now have 28/45 hp.
MASSIVE DAMAGE!! (PAUSE)
You hit the ogre.
The ogre hits you with a +0 giant spiked club!!
* * * LOW HITPOINT WARNING * * *
😱 HP[-19]
You take 19 damage, and now have 9/45 hp.
MASSIVE DAMAGE!! (PAUSE)
You hit the ogre.
The ogre hits you with a +0 giant spiked club!
You die...

Skill      XL: |  1  2  3  4  5 |
---------------+----------------+-----
Axes           | 3 4 5 6 7 |  7.2
Fighting       | |  3.6
Armour         | |  3.2
Shields        | |  3.2

Action                     |  1- 3 |  4- 6 || total
---------------------------+-------+-------++-------
  Melee: War axe           |    95 |    65 ||   160
    Use: Scroll            |     3 |     8 ||    11
 Armour: Scale mail        |    55 |    44 ||    99
  Dodge: Dodged            |    41 |    40 ||    81
  Block: Buckler           |    27 |    21 ||    48

Levels and vault maps discovered:
D:1:      mrwooster_arrival_statue_2, layout_loops_corners, hex_tiny,
          minmay_cupped
D:2:      layout_loops_cross, hangedman_decor_push, kennysheep_decorative_pillar
D:3:      layout_basic, ashenzari_altar_1, basic_ecumenical_altar
D:4:      layout_rooms, nzn_wu_jian_council_hall,
          mainiacjoe_overflow_surrounded_room,
          minmay_temple_entry_statues_fountains, grunt_decor_resistance,
          uniq_eustachio, uniq_ijyb

Notes
Turn   | Place    | Note
-------+----------+-------------------------------------------
     0 | D:1      | kae the Hill Orc Fighter began the quest for the Orb.
     0 | D:1      | Reached XP level 1. HP: 19/19 MP: 1/1
     0 | D:1      | magus.rc [v1.11.3]
    93 | D:1      | Reached skill level 3 in Axes
   194 | D:1      | Reached XP level 2. HP: 21/26 MP: 2/2
   259 | D:1      | Reached skill level 4 in Axes
   405 | D:1      | Reached XP level 3. HP: 31/31 MP: 3/3
   825 | D:1      | Identified 2 scrolls of acquirement
   825 | D:1      | Acquired 715 gold pieces
   987 | D:2      | Reached skill level 5 in Axes
  1620 | D:3      | Reached XP level 4. HP: 39/39 MP: 4/4
  1694 | D:3      | Reached skill level 6 in Axes
  1758 | D:3      | You pick up a book of the Hunter and begin reading...
  1758 | D:3      | You add the spells Sigil of Binding, Call Canine Familiar,
                  | Dimensional Bullseye and Leda's Liquefaction to your
                  | library.
  1831 | D:3      | Identified the +2 robe of Hepliaklqana, Burning {Dex+5}
  1871 | D:3      | Reached XP level 5. HP: 35/45 MP: 5/5
  1881 | D:3      | Found a faded altar of an unknown god.
  2034 | D:3      | Found a broken altar of Ashenzari.
  2187 | D:3      | Reached skill level 7 in Axes
  2543 | D:4      | Noticed an ogre
  2543 | D:4      | Noticed Ijyb
  2552 | D:3      | HP: 9/45 [ogre/+0 giant spiked club (20)]
  2553 | D:3      | Slain by an ogre

Vanquished Creatures
  An orc priest (D:3)
  3 gnolls (D:3)
  4 adders
  A dart slug (D:1)
  2 orcs (D:3)
  5 ball pythons
  9 endoplasms
  3 giant cockroaches
  2 goblins
  7 hobgoblins
  7 kobolds
  4 quokkas
  4 bats
  3 frilled lizards
  5 rats
60 creatures vanquished.

Table legend:
 A = Non-vault XP
 B = Vault XP
 C = Vault XP percentage of total XP
 D = Non-vault monster count
 E = Vault monster count
 F = Vault count percentage of total count
                 A         B        C        D         E       F
            +---------+---------+-------+---------+---------+-------
      Total |     226 |       5 |   2.2 |      57 |       3 |   5.0
            +---------+---------+-------+---------+---------+-------
        D:1 |      40 |       5 |  11.1 |      22 |       3 |  12.0
        D:2 |      34 |       0 |   0.0 |      15 |       0 |   0.0
        D:3 |     148 |       0 |   0.0 |      18 |       0 |   0.0
        D:4 |       4 |       0 |   0.0 |       2 |       0 |   0.0
            +---------+---------+-------+---------+---------+-------

Skill      XL: |  1  2  3  4  5 |
---------------+----------------+-----
Axes           | 3 4 5 6 7 |  7.2
Fighting       | |  3.6
Armour         | |  3.2
Shields        | |  3.2

Action                     |  1- 3 |  4- 6 || total
---------------------------+-------+-------++-------
  Melee: War axe           |    95 |    65 ||   160
    Use: Scroll            |     3 |     8 ||    11
 Armour: Scale mail        |    55 |    44 ||    99
  Dodge: Dodged            |    41 |    40 ||    81
  Block: Buckler           |    27 |    21 ||    48

Illustrated notes

Table legend:
 A = Kills in this place as a percentage of kills in the entire game.
 B = Kills by you in this place as a percentage of kills by you in the entire game.
 C = Kills by friends in this place as a percentage of kills by friends in the entire game.
 D = Other kills in this place as a percentage of other kills in the entire game.
 E = Experience gained in this place as a percentage of experience gained in the entire game.
 F = Experience gained in this place divided by the number of levels of this place that you have seen.
                   A       B       C       D       E      F
               +-------+-------+-------+-------+-------+----------------------
         Total | 100.0 | 100.0 |   N/A |   N/A | 100.0 |  57.8
       Dungeon | 100.0 | 100.0 |   N/A |   N/A | 100.0 |  57.8
               +-------+-------+-------+-------+-------+----------------------

Table legend: (Time is in decaauts)
 A = Elapsed time spent in this place.
 B = Non-inter-level travel time spent in this place.
 C = Inter-level travel time spent in this place.
 D = Time resting spent in this place.
 E = Time spent auto-exploring this place.
 F = Levels seen in this place.
 G = Mean time per level.
                   A        B        C        D        E       F      G
               +--------+--------+--------+--------+--------+-----+--------+
         Total |   2596 |   2501 |     95 |    138 |   1967 |   4 |  649.0 |
       Dungeon |   2596 |   2501 |     95 |    138 |   1967 |   4 |  649.0 |
               +--------+--------+--------+--------+--------+-----+--------+

Top non-repeatable levels by time:
     D:1: 1000 daAuts
     D:3: 870 daAuts
     D:2: 697 daAuts
     D:4: 27 daAuts
